 Dungeon Crawl Stone Soup version 0.27-a0-661-gca034ae587 (webtiles) character file.

Game seed: 17365391501192386074

1631 Johnny the Magician (level 8, -5/52 HPs)
             Began as a Deep Elf Earth Elementalist on Mar 17, 2021.
             Slain by an orc warrior
             ... wielding a +0 glaive
              (26 damage)
             ... on level 6 of the Dungeon.
             The game lasted 00:05:05 (6867 turns).

Johnny the Magician (Deep Elf Earth Elementalist)   Turns: 6867, Time: 00:05:05

Health: -5/52      AC:  4    Str:  5    XL:     8   Next: 65%
Magic:  8/21       EV: 13    Int: 23    God:
Gold:   300        SH:  0    Dex: 23    Spells: 18/22 levels left

rFire    + + .     SeeInvis .   o - +4 flail (protect)
rCold    . . .     Faith    .   (no shield)
rNeg     + . .     Spirit   .   c - +0 robe
rPois    +         Reflect  .   (no helmet)
rElec    .         Harm     .   b - +0 cloak
rCorr    .         Rampage  .   q - +0 pair of gloves
Will     .....                  (no boots)
Stlth    +++.......             (no amulet)
HPRegen  0.17/turn              t - +6 ring of dexterity
MPRegen  0.17/turn              x - ring "Cuorch" {rPois rF++ rN+ Dex+2 Slay-3}

@: no status effects
A: no striking features
a: no special abilities


You were on level 6 of the Dungeon.
You visited 1 branch of the dungeon, and saw 6 of its levels.

You collected 300 gold pieces.

Inventory:

Hand Weapons
 o - a +4 flail of protection (weapon)
Missiles
 f - 9 stones
Armour
 b - a +0 cloak (worn)
 c - a +0 robe (worn)
 q - a +0 pair of gloves (worn)
Jewellery
 g - a ring of wizardry
 i - a +6 ring of strength
 t - a +6 ring of dexterity (right hand)
 x - the ring "Cuorch" (left hand) {rPois rF++ rN+ Dex+2 Slay-3}
   (You found it on level 5 of the Dungeon)

   [ring of positive energy]

   It affects your dexterity (+2).
   It affects your accuracy and damage with ranged weapons and melee attacks
   (-3).
   It greatly protects you from fire.
   It protects you from poison.
   It protects you from negative energy.
Wands
 w - a wand of random effects (25)
Scrolls
 d - a scroll of amnesia {unknown}
 e - 2 scrolls of fog
 j - a scroll of random uselessness {unknown}
 k - 2 scrolls of teleportation {unknown}
 m - a scroll of enchant armour {unknown}
 r - 2 scrolls of magic mapping
Potions
 a - a potion of degeneration {unknown}
 h - 4 potions of attraction
 l - a potion of berserk rage {unknown}
 n - a potion of heal wounds {unknown}
 p - 3 potions of magic
 s - 2 potions of haste
 u - a potion of curing {unknown}
 v - a potion of flight {unknown}


   Skills:
 * Level 6.4 Fighting
 - Level 2.4 Dodging
 - Level 2.4 Stealth
 + Level 7.7 Spellcasting
 - Level 1.1 Transmutations
 + Level 6.9 Earth Magic


You had 18 spell levels left.
You knew the following spells:

 Your Spells              Type           Power      Damage    Failure   Level
a - Sandblast             Erth           80%        2d17      1%          1
b - Stone Arrow           Conj/Erth      48%        3d10      5%          3

Your spell library contained the following spells:

 Spells                   Type           Power      Damage    Failure   Level
 Passwall                 Tmut/Erth      22%        N/A       1%          2
 Shock                    Conj/Air       32%        1d5       7%          1
 Swiftness                Air            8%         N/A       11%         2
 Lee's Rapid Deconstruct  Erth           20%        3d13*     12%         5
 Petrify                  Tmut/Erth      27%        N/A       14%         4
 Static Discharge         Conj/Air       8%         N/A       22%         3
 Airstrike                Air            4%         N/A       56%         4
 Lightning Bolt           Conj/Air       4%         1d15      89%         5


Dungeon Overview and Level Annotations

Branches:
Dungeon (6/15)
 Temple: D:4-7

Altars:
Nemelex Xobeh


Message History

Aiming: Sandblast (safe; 1% risk of failure)
Press: ? - help, Shift-Dir - straight line, f - shadow imp
Aim: a shadow imp (19% to evade)
The blast of sand hits the shadow imp!
You kill the shadow imp!
Casting: Sandblast (safe; 1% risk of failure)
Confirm with . or Enter, or press ? or * to list all spells.
Aiming: Sandblast (safe; 1% risk of failure)
Press: ? - help, Shift-Dir - straight line, f - orc wizard
Aim: an orc wizard, wielding a +0 dagger and wearing a +0 robe (21% to evade)
The blast of sand hits the orc wizard!
The orc wizard is severely wounded.
Casting: Sandblast (safe; 1% risk of failure)
Confirm with . or Enter, or press ? or * to list all spells.
Aiming: Sandblast (safe; 1% risk of failure)
Press: ? - help, Shift-Dir - straight line, f/p - orc wizard
Aim: an orc wizard, wielding a +0 dagger and wearing a +0 robe (severely wounded, 21% to evade)
The blast of sand misses the orc wizard.
The orc wizard points at itself and mumbles some strange words.
The orc wizard flickers and vanishes!
Deactivating autopickup; reactivate with Ctrl-A.
Casting: Sandblast (safe; 1% risk of failure)
Confirm with . or Enter, or press ? or * to list all spells.
Aiming: Sandblast (safe; 1% risk of failure)
Press: ? - help, Shift-Dir - straight line, f - orc warrior
Aim: an orc warrior, wielding a +0 glaive and wearing a +0 plate armour (17% to evade)
The blast of sand hits something!
Reactivating autopickup.
You feel a bit more experienced.
The orc warrior hits you from afar with a +0 glaive!!
Casting: Sandblast (safe; 1% risk of failure)
Confirm with . or Enter, or press ? or * to list all spells.
Aiming: Sandblast (safe; 1% risk of failure)
Press: ? - help, Shift-Dir - straight line, f/p - orc warrior
Aim: an orc warrior, wielding a +0 glaive and wearing a +0 plate armour (17% to evade)
The blast of sand hits the orc warrior.
The orc warrior is lightly wounded.
The orc warrior hits you from afar with a +0 glaive!!
Ouch! That really hurt!
You die...

#.##.#.#
#.##)#.#
##.##.#.#
#.......#
#####.###
#.#
#.#######
#.......#
#######@#
#)# #o#


(o) ... ..... ..... ....... You could see an orc warrior and an orc.

Vanquished Creatures
  Pikel (D:6)
  Edmund (D:6)
  A sky beast (D:6)
  2 ogres
  2 phantoms
  2 lemures (D:6)
  2 scorpions (D:4)
  3 hounds
  A jelly (D:6)
  3 orc priests
  A gnoll shaman (D:5)
  4 orc wizards
  2 worker ants (D:5)
  3 gnolls (D:5)
  A howler monkey skeleton (D:4)
  4 adders
  2 shadow imps (D:6)
  2 white imps
  An ooze (D:3)
  An adder skeleton (D:6)
  A worm (D:2)
  4 dart slugs
  2 leopard geckos
  8 orcs
  6 giant cockroaches
  9 goblins
  7 hobgoblins
  5 jackals (D:4)
  A quokka (D:5)
  2 ball pythons (D:2)
  10 bats
  11 kobolds
  A leopard gecko skeleton (D:4)
  A quokka skeleton (D:4)
  5 rats
112 creatures vanquished.

Vanquished Creatures (others)
  5 toadstools (D:5)
5 creatures vanquished.

Grand Total: 117 creatures vanquished

Notes
Turn   | Place    | Note
-------+----------+-------------------------------------------
     0 | D:1      | Johnny the Deep Elf Earth Elementalist began the quest for
                  | the Orb.
     0 | D:1      | Reached XP level 1. HP: 10/10 MP: 6/6
   413 | D:1      | Reached XP level 2. HP: 16/16 MP: 6/8
   477 | D:1      | Reached skill level 1 in Fighting
   549 | D:1      | Found a sparkling altar of Nemelex Xobeh.
  1311 | D:2      | Reached XP level 3. HP: 20/20 MP: 10/10
  2313 | D:2      | Reached XP level 4. HP: 26/26 MP: 11/11
  2679 | D:3      | Reached skill level 4 in Spellcasting
  3737 | D:4      | Noticed an ogre
  3741 | D:4      | Killed an ogre
  3742 | D:4      | Reached XP level 5. HP: 32/32 MP: 9/13
  4128 | D:4      | Reached XP level 6. HP: 37/37 MP: 11/15
  4131 | D:4      | Reached skill level 5 in Spellcasting
  4682 | D:4      | Reached skill level 5 in Earth Magic
  4950 | D:5      | Entered Level 5 of the Dungeon
  5049 | D:5      | Reached XP level 7. HP: 37/43 MP: 10/17
  5518 | D:5      | Identified the ring "Cuorch" {rPois rF++ rN+ Dex+2 Slay-3}
  5571 | D:5      | Learned a level 3 spell: Stone Arrow
  5975 | D:6      | Reached skill level 6 in Spellcasting
  6242 | D:6      | Reached skill level 5 in Fighting
  6494 | D:6      | Noticed Pikel
  6512 | D:6      | Killed Pikel
  6513 | D:6      | Reached skill level 7 in Spellcasting
  6513 | D:6      | Reached XP level 8. HP: 39/51 MP: 9/21
  6629 | D:6      | Noticed Edmund
  6634 | D:6      | Killed Edmund
  6867 | D:6      | Slain by an orc warrior

Illustrated notes

Levels and vault maps discovered:
D:1:      evilmike_arrival_plus, layout_basic, serial_park_tiny_pond,
          nemelex_xobeh_ov_fountains_minmay
D:2:      layout_loops_corners
D:3:      layout_basic, minmay_misc_feat_nine_boxes, solitary_fountain
D:4:      layout_loops_ring
D:5:      lemuel_ice_spiral_2, layout_basic,
          minmay_temple_entry_drinking_statues, minmay_gold_behind_fungi
D:6:      layout_basic, uniq_edmund, uniq_pikel

Skill      XL: |  1  2  3  4  5  6  7 |
---------------+----------------------+-----
Fighting       | 1 2 3 4 6 |  6.4
Spellcasting   | 4 5 7 |  7.7
Earth Magic    | 4 5 6 |  6.9
Dodging        | |  2.4
Stealth        | |  2.4
Transmutations | |  1.1

Action                   |  1- 3 |  4- 6 |  7- 9 || total
-------------------------+-------+-------+-------++-------
Melee: Spear             |    54 |    77 |    30 ||   161
 Cast: Sandblast         |    37 |    57 |    25 ||   119
       Stone Arrow       |       |       |    37 ||    37
Evoke: Wand              |       |       |     7 ||     7
  Use: Scroll            |       |       |     5 ||     5
 Stab: Sleeping          |     7 |     9 |     1 ||    17
Armor: Robe              |    11 |    15 |    10 ||    36
Dodge: Dodged            |    24 |    51 |    29 ||   104

Table legend: (Time is in decaauts)
 A = Elapsed time spent in this place.
 B = Non-inter-level travel time spent in this place.
 C = Inter-level travel time spent in this place.
 D = Time resting spent in this place.
 E = Time spent auto-exploring this place.
 F = Levels seen in this place.
 G = Mean time per level.
                   A        B        C        D        E       F      G
               +--------+--------+--------+--------+--------+-----+--------+
         Total |   6878 |   6771 |    107 |    996 |   5013 |   6 | 1146.3 |
       Dungeon |   6878 |   6771 |    107 |    996 |   5013 |   6 | 1146.3 |
               +--------+--------+--------+--------+--------+-----+--------+

Top non-repeatable levels by time:
     D:2: 1386 daAuts
     D:4: 1303 daAuts
     D:3: 1182 daAuts
     D:6: 1099 daAuts
     D:1: 1088 daAuts
     D:5: 817 daAuts
